 Dungeon Crawl Stone Soup version 0.23.2-1-ga50397a (webtiles) character file.

Game seed: 14738337134167535269

32698 Fang the Fighter (level 13, -8/130 HPs)
             Began as a Gargoyle Berserker on May 7, 2019.
             Was a High Priest of Trog.
             Splashed by an oklob plant's acid (15 damage)
             ... on level 5 of the Lair of Beasts.
             The game lasted 00:20:22 (17709 turns).

Fang the Fighter (Gargoyle Berserker)              Turns: 17709, Time: 00:20:22

Health: -8/130     AC: 15    Str: 32    XL:     13   Next: 66%
Magic:  13/13      EV: 13    Int:  9    God:    Trog [*****.]
Gold:   602        SH:  3    Dex: 11    Spells: 12/12 levels left

rFire    . . .     SeeInvis +   J - +5 executioner's axe of Edghus {chop, Str+2 Dex+2}
rCold    + . .     Gourm    .   (shield currently unavailable)
rNeg     + . .     Faith    .   b - +0 plate armour
rPois    ∞         Spirit   .   K - +2 hat
rElec    +         Reflect  +   (no cloak)
rCorr    .         Harm     .   (no gloves)
MR       ++...                  (no boots)
Stlth    ..........             E - +3 amulet of reflection
HPRegen  1.31/turn              F - ring of see invisible
MPRegen  0.13/turn              L - ring of protection from cold

@: berserking, corroded, regenerating, very quick
A: negative energy resistance 1, electricity resistance, unbreathing,
petrification resistance, rot immunity, AC +9
a: Berserk, Trog's Hand, Brothers in Arms, Renounce Religion


You were on level 5 of the Lair of Beasts.
You worshipped Trog.
Trog was extremely pleased with you.
You were hungry.

You visited 4 branches of the dungeon, and saw 18 of its levels.

You collected 602 gold pieces.

Inventory:

Hand Weapons
 a - a +0 hand axe
 J - the +5 executioner's axe of Edghus (weapon) {chop, Str+2 Dex+2}
   (Trog gifted it to you on level 11 of the Dungeon)

   It inflicts extra damage upon your enemies.
   It affects your strength (+2).
   It affects your dexterity (+2).
Armour
 b - a +0 plate armour (worn)
 K - a +2 hat (worn)
Jewellery
 l - a +2 ring of protection
 w - an uncursed ring of protection from magic
 z - a +3 ring of evasion
 E - a +3 amulet of reflection (around neck)
 F - a ring of see invisible (left hand)
 L - a ring of protection from cold (right hand)
 P - a cursed amulet of inaccuracy {unknown}
 Q - an uncursed ring of fire
Wands
 s - a wand of paralysis (6)
 D - a wand of flame (17)
 H - a wand of acid (6)
 O - a wand of iceblast (5)
Scrolls
 d - 2 scrolls of enchant armour {unknown}
 e - 4 scrolls of enchant weapon {unknown}
 g - 9 scrolls of remove curse
 i - 8 scrolls of teleportation
 j - 17 scrolls of identify {unknown}
 n - 3 scrolls of amnesia {unknown}
 p - 2 scrolls of fear {unknown}
 v - 3 scrolls of random uselessness {unknown}
 x - a scroll of immolation {unknown}
 y - a scroll of noise {unknown}
 A - 2 scrolls of fog {unknown}
 B - a scroll of vulnerability {unknown}
 M - a scroll of holy word {unknown}
 N - a scroll of torment {unknown}
 R - a scroll of magic mapping {unknown}
Potions
 f - 10 potions of curing {unknown}
 h - 3 potions of ambrosia {unknown}
 k - 2 potions of haste
 m - a potion of resistance
 o - a potion of invisibility {unknown}
 q - 2 potions of brilliance {unknown}
 r - 3 potions of might {unknown}
 t - 3 potions of flight {unknown}
 u - 2 potions of degeneration {unknown}
 C - a potion of magic {unknown}
 G - a potion of mutation {unknown}
 I - a potion of berserk rage {unknown}
Comestibles
 c - 9 rations


   Skills:
 + Level 12.8 Fighting
 + Level 10.9 Axes
 + Level 12.6 Armour
 + Level 9.9 Dodging


You had 12 spell levels left.
You didn't know any spells.
Your spell library was empty.

Dungeon Overview and Level Annotations

Branches:
Dungeon (11/15)            Temple (1/1) D:5            Lair (5/6) D:11
 Shoals (0/4) Lair:2        Snake (1/4) Lair:3          Orc (0/2) D:11
  Slime: Lair:5-6

Altars:
Ashenzari
Dithmenos
Fedhas
Gozag
Hepliaklqana
Kikubaaqudgha
Makhleb
Nemelex Xobeh
Trog
Uskayaw
Vehumet
Xom
Zin

Shops:
D:8 =

Annotations:
Lair:2 3 runed translucent doors, morik's ghost, journeyman MfGl
Lair:5 exclusion: 4 oklob plants


Innate Abilities, Weirdness & Mutations

You are resistant to torment.
Your stone body is resilient. (AC +9)
You are immune to poison.
You resist negative energy. (rN+)
You are resistant to electric shocks. (rElec)
You can survive without breathing.
You are immune to petrification.
You are immune to rotting.


Message History

You are feeling hungry.
The blink frog gives a loud, deep croak!
The oklob plant spits acid at you.
The splash of acid hits you but does no damage.
The acid corrodes you!
You are splashed with acid!
* * * LOW HITPOINT WARNING * * *
The oklob plant spits acid at you. The splash of acid hits you.
* * * LOW HITPOINT WARNING * * *
The acid corrodes you!
You are splashed with acid!
* * * LOW HITPOINT WARNING * * *
You block the blink frog's attack.
You slice the oklob plant!!
The oklob plant is heavily damaged.
You slash the blink frog! You slash the plant!
The blink frog blinks!
The oklob plant spits acid at you. The splash of acid hits you.
* * * LOW HITPOINT WARNING * * *
The acid corrodes you!
You are splashed with acid!
You die...

........................
........................
...............#........
...............#....F...
..............#.........
........÷÷÷.............
.##.......÷÷.......F....
####.......#.PPPF#......
# #.......#.?}[@#......
#.#......#..PP.# .....
#####....#)P.P%# .....
##...#}$...# ....
....#$)?[.# ...#
....######## ......
###...##


You could see 4 oklob plants and 2 blink frogs.

Vanquished Creatures
  Gastronok (Lair:1)
  A dire elephant (Lair:3)
  Snorg (D:10)
  A hydra (Lair:4)
  Urug (D:10)
  Nergalle (Lair:1)
  3 unseen horrors
  Pikel (D:7)
  An oklob plant (D:11)
  A cyclops (D:11)
  16 elephants (Lair:3)
  A torpor snail (Lair:4)
  5 black mambas
  5 spiny frogs
  A gargoyle (D:11)
  2 trolls
  A polar bear (Lair:4)
  2 hornets
  5 hippogriffs
  A snapping turtle (Lair:2)
  13 dream sheep
  A wraith (D:11)
  A spriggan (Lair:3)
  5 wyverns
  3 yaks (D:9)
  3 hungry ghosts
  2 basilisks
  Grum (D:11)
  An acid dragon (D:11)
  8 water moccasins
  Duvessa (D:5)
  5 porcupines
  4 orc warriors
  3 sky beasts
  2 slaves (D:7)
  4 ice beasts
  3 phantoms
  3 black bears
  The ghost of RonnoCrusher the Chopper, an amateur DDFi of Makhleb (D:4)
  A necrophage (D:5)
  8 ogres
  An eye of draining (D:11)
  15 wolves
  2 centaurs
  4 crocodiles
  A big kobold (D:10)
  20 bullfrogs
  6 scorpions
  Dowan (D:5)
  4 electric eels
  5 crimson imps
  A quasit (D:7)
  10 hounds
  3 jellies
  7 orc priests
  A centaur skeleton (D:9)
  7 orc wizards
  Jessica (D:3)
  A bullfrog skeleton (D:7)
  An iguana (D:4)
  10 worker ants
  2 centaur simulacra (D:4)
  A hound zombie (D:5)
  A worker ant zombie (D:9)
  14 gnolls
  7 adders
  3 shadow imps
  A howler monkey simulacrum (D:4)
  3 oozes
  An adder zombie (D:6)
  An adder skeleton (D:10)
  3 worms (D:2)
  A dart slug (D:1)
  2 adder simulacra (D:4)
  8 leopard geckos
  37 orcs
  10 giant cockroaches
  4 goblins
  6 hobgoblins
  9 jackals
  8 kobolds
  3 quokkas
  A ball python (D:2)
  10 bats
  4 frilled lizards
  A jackal skeleton (D:4)
  A leopard gecko simulacrum (D:4)
  A quokka skeleton (D:7)
  7 rats
  9 plants
384 creatures vanquished.

Vanquished Creatures (others)
  A shadow imp (D:7)
  53 fungi
  12 plants
66 creatures vanquished.

Grand Total: 450 creatures vanquished

Notes
Turn   | Place    | Note
-------+----------+-------------------------------------------
     0 | D:1      | Fang the Gargoyle Berserker began the quest for the Orb.
     0 | D:1      | Reached XP level 1. HP: 14/14 MP: 1/1
   201 | D:1      | Reached XP level 2. HP: 17/19 MP: 2/2
   331 | D:1      | Reached XP level 3. HP: 16/23 MP: 3/3
   612 | D:1      | Reached ** piety under Trog
   967 | D:2      | Reached XP level 4. HP: 21/29 MP: 4/4
  1495 | D:2      | You fall through a shaft for 2 floors!
  1513 | D:4      | Reached XP level 5. HP: 20/33 MP: 5/5
  1619 | D:4      | Found a runed translucent gate.
  1620 | D:4      | Found a runed translucent gate.
  1621 | D:4      | Found a runed translucent gate.
  1834 | D:4      | Noticed an ogre
  1862 | D:3      | Killed an ogre
  1862 | D:3      | Reached XP level 6. HP: 39/39 MP: 6/6
  2480 | D:4      | Reached skill level 5 in Fighting
  2528 | D:4      | Noticed RonnoCrusher's ghost (amateur DDFi)
  2528 | D:4      | Noticed an ice beast
  2576 | D:4      | Reached XP level 7. HP: 22/44 MP: 7/7
  2974 | D:4      | Found an opulent altar of Gozag.
  3281 | D:3      | Found a hide-covered altar of Uskayaw.
  3551 | D:3      | Noticed Jessica
  3570 | D:3      | Killed Jessica
  3715 | D:3      | Reached *** piety under Trog
  3785 | D:3      | Found an opulent altar of Gozag.
  4146 | D:2      | Found a shadowy altar of Dithmenos.
  4347 | D:4      | Reached skill level 5 in Armour
  4351 | D:4      | Killed RonnoCrusher's ghost
  4669 | D:5      | Entered Level 5 of the Dungeon
  4747 | D:5      | Found a staircase to the Ecumenical Temple.
  4784 | D:5      | Found a hazy altar of Hepliaklqana.
  4794 | D:5      | Noticed Duvessa
  4797 | D:5      | Noticed Dowan
  4806 | D:5      | Reached XP level 8. HP: 51/51 MP: 8/8
  4809 | D:5      | Found a bloodstained altar of Trog.
  4818 | D:5      | Killed Dowan
  4838 | D:5      | Killed Duvessa
  4838 | D:5      | Reached skill level 5 in Axes
  5265 | D:5      | Found a blossoming altar of Fedhas.
  5419 | D:5      | Found a shimmering altar of Xom.
  5478 | D:5      | Reached **** piety under Trog
  5598 | D:5      | Found a glowing silver altar of Zin.
  5599 | D:5      | Found a shattered altar of Ashenzari.
  5886 | D:5      | Reached XP level 9. HP: 57/57 MP: 9/9
  6052 | Temple   | Entered the Ecumenical Temple
  6221 | D:6      | Found a sparkling altar of Nemelex Xobeh.
  6223 | D:6      | Found an ancient bone altar of Kikubaaqudgha.
  6238 | D:6      | Reached skill level 5 in Dodging
  6243 | D:6      | Found a radiant altar of Vehumet.
  7160 | D:7      | Paralysed by fainting for 7 turns
  7829 | D:7      | Noticed Pikel
  7840 | D:7      | Killed Pikel
  7840 | D:7      | Reached XP level 10. HP: 65/65 MP: 10/10
  8073 | D:7      | Reached ***** piety under Trog
  8805 | D:8      | Found Ipaluwn's Jewellery Emporium.
  9973 | D:9      | Reached XP level 11. HP: 69/71 MP: 11/11
 10107 | D:10     | Entered Level 10 of the Dungeon
 10107 | D:10     | Noticed an unseen horror
 10236 | D:10     | Killed an unseen horror
 10248 | D:10     | Noticed an unseen horror
 10301 | D:10     | Killed an unseen horror
 10350 | D:10     | Reached skill level 10 in Fighting
 10795 | D:10     | Noticed Snorg
 10818 | D:10     | Killed Snorg
 11138 | D:10     | Noticed Urug
 11158 | D:10     | Killed Urug
 11158 | D:10     | Reached skill level 10 in Armour
 11561 | D:10     | Received a gift from Trog
 11690 | D:11     | Noticed an oklob plant
 11692 | D:11     | Found a staircase to the Lair.
 11757 | D:11     | Noticed Grum
 11786 | D:11     | Killed Grum
 12030 | D:11     | Found a staircase to the Orcish Mines.
 12982 | D:11     | Noticed a cyclops
 13001 | D:11     | Killed a cyclops
 13328 | D:11     | Noticed an unseen horror
 13353 | D:11     | Killed an unseen horror
 13365 | D:11     | Received a gift from Trog
 13368 | D:11     | Got a warped executioner's axe {god gift}
 13369 | D:11     | Identified the +5 executioner's axe of Edghus {chop, Str+2
                  | Dex+2} (Trog gifted it to you on level 11 of the Dungeon)
 13575 | D:11     | Killed an oklob plant
 13575 | D:11     | Reached XP level 12. HP: 79/79 MP: 12/12
 13621 | Lair:1   | Entered Level 1 of the Lair of Beasts
 13834 | Lair:1   | Noticed Gastronok
 13845 | Lair:1   | Killed Gastronok
 13905 | Lair:1   | Noticed Nergalle
 13913 | Lair:1   | Killed Nergalle
 14659 | Lair:2   | Found a runed translucent gate.
 14660 | Lair:2   | Found a runed translucent gate.
 14660 | Lair:2   | Noticed morik's ghost (journeyman MfGl)
 14661 | Lair:2   | Found a runed translucent gate.
 14727 | Lair:2   | Found a staircase to the Shoals.
 15506 | Lair:3   | Reached skill level 10 in Axes
 15545 | Lair:3   | Found a burning altar of Makhleb.
 15615 | Lair:3   | Noticed a dire elephant
 15625 | Lair:3   | Killed a dire elephant
 15625 | Lair:3   | Reached XP level 13. HP: 9/86 MP: 13/13
 15981 | Lair:3   | Found a staircase to the Snake Pit.
 16436 | Snake:1  | Entered Level 1 of the Snake Pit
 17709 | Lair:5   | Splashed by an oklob plant's acid

Skill      XL: |  1  2  3  4  5  6  7  8  9 10 11 12 13 |
---------------+----------------------------------------+-----
Dodging        | 2 3 4 6 7 8 9 |  9.9
Axes           | 3 4 5 6 8 9 10 | 10.9
Armour         | 3 4 5 6 7 9 10 11 12 | 12.6
Fighting       | 4 5 7 8 9 10 12 | 12.8

Action                   |  1- 3 |  4- 6 |  7- 9 | 10-12 | 13-15 || total
-------------------------+-------+-------+-------+-------+-------++-------
Melee: Hand axe          |   125 |   136 |   699 |   918 |       ||  1878
       Executioner's axe |       |       |       |   182 |   114 ||   296
Invok: Berserk           |       |     4 |     8 |    14 |     3 ||    29
       Trog's Hand       |       |       |     1 |     1 |     1 ||     3
  Use: Potion            |       |       |     3 |       |       ||     3
       Scroll            |       |       |     2 |     1 |       ||     3
  Eat: Chunk             |       |     6 |    20 |    36 |    10 ||    72
       Ration            |       |     1 |     3 |     4 |       ||     8
Armor: Animal skin       |    42 |    40 |       |       |       ||    82
       Plate armour      |       |       |   543 |   756 |   143 ||  1442
       Skin              |       |       |     1 |       |       ||     1
Dodge: Dodged            |    88 |    84 |   386 |   777 |   123 ||  1458
Block: Other             |       |       |       |    19 |    24 ||    43
